 Dungeon Crawl Stone Soup version 0.31.0-11-ge490571c62 (webtiles) character file.

Game seed: 3208014264309128910

44 SnakkuSnakku7 the Conjurer (level 3, 0/27 HPs)
             Began as a Merfolk Conjurer on Feb 1, 2024.
             Slain by a gnoll
             ... wielding a +0 spear
              (6 damage)
             ... on level 2 of the Dungeon.
             The game lasted 00:02:32 (1269 turns).

SnakkuSnakku7 the Conjurer (Merfolk Conjurer)       Turns: 1269, Time: 00:02:33

Health: 0/27       AC:  4    Str:  9    XL:     3   Next: 60%
Magic:  0/6        EV: 12    Int: 17    God:
Gold:   103        SH:  0    Dex: 12    Spells: 5/6 levels left

rFire   . .          .
                       - Unarmed
rCold   . . .        (no shield)
rNeg    . . .        j - +0 leather armour
rPois   .            i - +0 helmet
rElec   .            (no cloak)
rCorr   .            (no gloves)
SInv    .            (no boots)
Will    .....        (no amulet)
Stlth   ++           (no ring)
HPRegen 0.24/turn    (no ring)
MPRegen 0.10/turn

%: no passive effects
@: no status effects
A: (nimble swimmer 2), mertail
a: no special abilities


You were on level 2 of the Dungeon.
You visited 1 branch of the dungeon, and saw 2 of its levels.

You collected 103 gold pieces.

Inventory:

Missiles
 h - 5 poisoned darts
Armour
 a - a +0 robe
 c - a +0 buckler
 i - a +0 helmet (worn)
 j - a +0 leather armour (worn)
Scrolls
 b - a scroll of identify {unknown}
 d - a scroll of silence {unknown}
 e - a scroll of teleportation {unknown}
 f - a scroll of blinking {unknown}
Potions
 g - a potion of curing {unknown}
 k - a potion of berserk rage {unknown}
 l - a potion of heal wounds {unknown}


   Skills:
 - Level 2.1 Fighting
 + Level 0.3 Throwing
 - Level 2.6 Dodging
 - Level 2.1 Stealth
 + Level 2.3 Unarmed Combat
 - Level 2.0 Spellcasting
 - Level 3.2 Conjurations


You had 5 spell levels left.
You knew the following spells:

 Your Spells              Type           Power      Damage    Failure   Level
a - Magic Dart            Conj           48%        1d5       7%          1

Your spell library contained the following spells:

 Spells                   Type           Power      Damage    Failure   Level
 Searing Ray              Conj           24%        2d5       11%         2
 Frozen Ramparts          Ice            2%         1d1       63%         3
 Fulminant Prism          Conj/Alch      3%         3d5       80%         4
 Iskenderun's Mystic Bla  Conj/Tloc      7%         2d4       80%         4
 Leda's Liquefaction      Alch/Erth      0%         N/A       95%         4
 Petrify                  Alch/Erth      1%         N/A       95%         4
 Metabolic Englaciation   Hex/Ice        0%         N/A       100%        5


Dungeon Overview and Level Annotations

Branches:
Dungeon (2/15)

Altars:


Innate Abilities, Weirdness & Mutations

((You are very nimble when in or above water. (Stealth+, EV+, Speed+++)))
Your lower body shifts to a powerful aquatic tail in water.


Message History

The gnoll is moderately wounded.
Unknown command.
Aiming: Magic Dart (safe; 7% risk of failure)
Press: ? - help, Q - select action, (/) - cycle Shift-Dir - straight line, f/p - gnoll
Aim: a gnoll, wielding a +0 spear (moderately wounded, 100% to hit)
The magic dart hits the gnoll.
The gnoll is severely wounded.
The gnoll hits you from afar with a +0 spear!
Aiming: Magic Dart (safe; 7% risk of failure)
Press: ? - help, Q - select action, (/) - cycle Shift-Dir - straight line, f/p - gnoll
Aim: a gnoll, wielding a +0 spear (severely wounded, 100% to hit)
The magic dart hits the gnoll but does no damage.
The gnoll is severely wounded.
The gnoll closely misses you. The gnoll hits you with a +0 spear.
You barely miss the gnoll.
The gnoll is severely wounded.
The gnoll closely misses you.
You barely miss the gnoll.
The gnoll is severely wounded.
The gnoll hits you with a +0 spear.
You closely miss the gnoll.
The gnoll is severely wounded.
The gnoll hits you with a +0 spear.
You barely miss the gnoll.
The gnoll is severely wounded.
The gnoll hits you with a +0 spear.
* * * LOW HITPOINT WARNING * * *
You closely miss the gnoll.
The gnoll is severely wounded.
The gnoll closely misses you.
You barely miss the gnoll.
The gnoll is heavily wounded.
Aiming: Magic Dart (safe; 7% risk of failure)
Press: ? - help, Q - select action, (/) - cycle Shift-Dir - straight line, f/p - gnoll
Aim: a gnoll, wielding a +0 spear (heavily wounded, 100% to hit)
The magic dart hits the gnoll.
The gnoll is severely wounded.
The gnoll hits you with a +0 spear.
You die...

#...†#########+###
#................#
#.................
#.................
#.................
#.................
#....#####.##(....
$.. #....#
#.#########(.?.
##.##.
#...@g......... #.
#.............. #
#..............
#.#########....
+..# ..g #### ##


You could see a gnoll.

Vanquished Creatures
  A dart slug (D:1)
  3 endoplasms (D:1)
  2 giant cockroaches
  3 goblins (D:1)
  5 hobgoblins
  3 kobolds (D:1)
  4 quokkas
  4 ball pythons
  6 bats
  2 frilled lizards
  3 rats (D:1)
36 creatures vanquished.

Notes
Turn   | Place    | Note
-------+----------+-------------------------------------------
     0 | D:1      | SnakkuSnakku7 the Merfolk Conjurer began the quest for the
                  | Orb.
     0 | D:1      | Reached XP level 1. HP: 13/13 MP: 3/3
   241 | D:1      | Reached skill level 1 in Fighting
   241 | D:1      | Reached skill level 1 in Unarmed Combat
   278 | D:1      | Reached XP level 2. HP: 21/21 MP: 5/5
   563 | D:1      | Reached XP level 3. HP: 27/27 MP: 1/6
  1269 | D:2      | Slain by a gnoll

Illustrated notes

Levels and vault maps discovered:
D:1:      amcnicky_arrival_abandoned_market, layout_basic, st_stairs_12,
          minmay_misc_feat_chi
D:2:      layout_basic, hex_intersection, minmay_misc_feat_more_columns

Skill      XL: |  1  2  3 |
---------------+----------+-----
Fighting       | 1 2 |  2.1
Unarmed Combat | 1 2 |  2.3
Throwing       | |  0.3
Dodging        | |  2.6
Stealth        | |  2.1
Spellcasting   | |  2.0
Conjurations   | |  3.2

Action                     || total
---------------------------++-------
  Melee: Unarmed           ||   122
         Punch             ||     4
   Cast: Magic Dart        ||    48
    Use: Potion            ||     1
   Stab: Sleeping          ||     2
         Distracted        ||     1
 Armour: Robe              ||    41
         Leather armour    ||    21
  Dodge: Dodged            ||    72
